 Dungeon Crawl Stone Soup version 0.29.1-12-g30fa7ad0bf (webtiles) character file.

Game seed: 12879668446741300575

392 ChadusMaximus the Shield-Bearer (level 6, -1/56 HPs)
             Began as a Minotaur Fighter on Jan 7, 2023.
             Slain by a bullfrog (5 damage)
             ... on level 4 of the Dungeon.
             The game lasted 00:02:45 (3471 turns).

ChadusMaximus the Shield-Bearer (Minotaur Fighter)  Turns: 3471, Time: 00:02:46

Health: -1/56      AC: 13    Str: 23    XL:     6   Next: 50%
Magic:  5/5        EV:  6    Int:  5    God:
Gold:   184        SH:  5    Dex: 15    Spells: 5/5 levels left

rFire   . . .      SeeInvis .   a - +0 war axe
rCold   . . .      Faith    .   c - +0 buckler
rNeg    . . .      Spirit   .   h - +0 plate armour
rPois   +          Reflect  .   (helmet restricted)
rElec   .          Harm     .   r - +0 cloak
rCorr   .          Rampage  .   (no gloves)
Will    .....                   (no boots)
Stlth   ..........              (no amulet)
HPRegen 0.18/turn               l - ring of poison resistance
MPRegen 0.09/turn               w - +6 ring of dexterity

@: no status effects
A: horns 2, retaliatory headbutt
a: no special abilities


You were on level 4 of the Dungeon.
You visited 1 branch of the dungeon, and saw 4 of its levels.

You collected 184 gold pieces.

Inventory:

Hand Weapons
 a - a +0 war axe (weapon)
Armour
 b - a +0 scale mail
 c - a +0 buckler (worn)
 h - a +0 plate armour (worn)
 r - a +0 cloak (worn)
Jewellery
 l - a ring of poison resistance (left hand)
 s - a ring of resist corrosion
 w - a +6 ring of dexterity (right hand)
Wands
 n - a wand of flame (42)
Scrolls
 e - 2 scrolls of amnesia {unknown}
 f - 5 scrolls of identify {unknown}
 j - a scroll of enchant weapon {unknown}
 k - a scroll of brand weapon {unknown}
 m - 4 scrolls of teleportation {unknown}
 o - a scroll of fog {unknown}
 t - a scroll of noise {unknown}
 v - a scroll of vulnerability {unknown}
Potions
 d - 2 potions of might
 g - a potion of lignification {unknown}
 i - a potion of haste {unknown}
 p - a potion of brilliance {unknown}
 u - a potion of heal wounds {unknown}


   Skills:
 + Level 5.4 Fighting
 + Level 4.6 Axes
 + Level 5.4 Armour
 + Level 5.4 Shields


You had 5 spell levels left.
You didn't know any spells.
Your spell library contained the following spells:

 Spells                   Type           Power      Damage    Failure   Level
 Blink                    Tloc           0%         N/A       100%        2
 Ignite Poison            Fire/Tmut/Pois 0%         N/A       100%        3
 Lesser Beckoning         Tloc           0%         N/A       100%        3
 Mephitic Cloud           Conj/Pois/Air  0%         N/A       100%        3
 Freezing Cloud           Conj/Ice/Air   0%         6-21      100%        5
 Manifold Assault         Tloc           0%         N/A       100%        5


Dungeon Overview and Level Annotations

Branches:
Dungeon (4/15)
 Temple: D:4-7

Altars:
Fedhas
Kikubaaqudgha
Vehumet


Innate Abilities, Weirdness & Mutations

You have a pair of horns on your head.
You reflexively headbutt those who attack you in melee.


Message History

You headbutt the necrophage, but do no damage.
The necrophage is moderately damaged.
You hit the endoplasm. You barely miss the ogre.
The necrophage hits you but does no damage.
The endoplasm freezes you.
You are frozen.
The necrophage hits you but does no damage.
The ogre attacks as you move away!
The ogre hits you with a +0 giant club!!
* * * LOW HITPOINT WARNING * * *
The necrophage attacks as you move away!
The necrophage hits you but does no damage.
You block the goblin's attack. The goblin attacks as you move away!
The goblin closely misses you. The ogre attacks as you move away!
The ogre hits you with a +0 giant club!
* * * LOW HITPOINT WARNING * * *
The endoplasm attacks as you move away! The endoplasm barely misses you.
The bullfrog releases a deep croak.
The endoplasm attacks as you move away! You block the endoplasm's attack.
The endoplasm attacks as you move away!
The endoplasm hits you but does no damage.
There is an escape hatch in the ceiling here.
The endoplasm attacks as you move away! The endoplasm barely misses you.
You furiously retaliate!
You headbutt the endoplasm.
You kill the endoplasm!
The necrophage attacks as you move away!
The necrophage hits you but does no damage.
The bullfrog hits you but does no damage.
The bullfrog barely misses you. You furiously retaliate!
You headbutt the bullfrog.
The necrophage attacks as you move away!
The necrophage hits you.
* * * LOW HITPOINT WARNING * * *
The bullfrog attacks as you move away!
The bullfrog hits you but does no damage.
The sky beast flickers out of sight!
Deactivating autopickup; reactivate with Ctrl-A.
The bullfrog hits you but does no damage.
The bullfrog attacks as you move away! The bullfrog hits you.
You die...

#.....# #.####.##........
##.....# #.)....††........
#......####.######=.#.[...#
#......#...................
#.#......#.##.######..###.#.# ..
#.......................#.#.#
..#.#.##.###..#.#.......###.#<#
.. .#.#.##.# #..#.#.............#
...........# #..@.#............).
....#.#.##.####F#.#.....##.......
....#.#.##.)...n#.#.<...........#
...........#{#....#............)#
......#.##.#.#.##.#.....##..#....
...........#Y#O# .####+###..#..#.
#...###.####g#.##................
#.......# #.........$............
#.#.....# #..#.###.............#.


You could see an ogre, a necrophage and a bullfrog.

Vanquished Creatures
  Sigmund (D:2)
  An ogre (D:4)
  Crazy Yiuf (D:2)
  Ijyb (D:3)
  2 adders
  2 dart slugs
  4 orcs (D:3)
  4 ball pythons
  4 bats
  6 endoplasms
  3 giant cockroaches
  10 goblins
  7 hobgoblins
  6 jackals
  5 kobolds
  4 frilled lizards
  7 rats
68 creatures vanquished.

Notes
Turn   | Place    | Note
-------+----------+-------------------------------------------
     0 | D:1      | ChadusMaximus the Minotaur Fighter began the quest for the
                  | Orb.
     0 | D:1      | Reached XP level 1. HP: 19/19 MP: 0/0
   285 | D:1      | Reached XP level 2. HP: 26/27 MP: 1/1
   979 | D:2      | Reached XP level 3. HP: 33/33 MP: 2/2
  1035 | D:2      | Found an ancient bone altar of Kikubaaqudgha.
  1092 | D:2      | Found a runed translucent door.
  1093 | D:2      | Noticed Crazy Yiuf
  1148 | D:2      | Noticed Sigmund
  1160 | D:2      | Killed Sigmund
  1161 | D:2      | Reached XP level 4. HP: 18/41 MP: 3/3
  1161 | D:2      | Reached XP level 5. HP: 21/47 MP: 4/4
  1933 | D:2      | Killed Crazy Yiuf
  1934 | D:2      | Reached skill level 5 in Fighting
  1934 | D:2      | Reached skill level 5 in Armour
  1934 | D:2      | Reached skill level 5 in Shields
  2466 | D:3      | Noticed Ijyb
  2471 | D:3      | Killed Ijyb
  2472 | D:3      | Reached XP level 6. HP: 50/52 MP: 5/5
  2591 | D:3      | Found a blossoming altar of Fedhas.
  2591 | D:3      | Found a radiant altar of Vehumet.
  3452 | D:4      | Noticed a sky beast
  3471 | D:4      | Slain by a bullfrog

Illustrated notes

Levels and vault maps discovered:
D:1:      spicycebolla_green_bress_n_ham_2, layout_loops_cross
D:2:      layout_loops_ring, basic_altar, uniq_sigmund, uniq_crazy_yiuf_cottage
D:3:      layout_basic, gammafunk_temple_overflow_elements, kennysheep_boxes,
          uniq_ijyb
D:4:      layout_basic, kennysheep_okawaru_gauntlet, dancing_weapons_uskayaw,
          minmay_manual_moon, uniq_duvessa, uniq_menkaure

Skill      XL: |  1  2  3  4  5 |
---------------+----------------+-----
Armour         | 4 5 |  5.4
Fighting       | 4 5 |  5.4
Shields        | 4 5 |  5.4
Axes           | 3 4 |  4.6

Action                   |  1- 3 |  4- 6 || total
-------------------------+-------+-------++-------
Melee: War axe           |    72 |    85 ||   157
       Headbutt          |     7 |     5 ||    12
Armor: Plate armour      |    66 |    55 ||   121
Dodge: Dodged            |    20 |    24 ||    44
Block: Buckler           |    16 |    15 ||    31
